Map: Orbital Shipyard

Players

LilDicky - Winner!

  • Race: Terran Terran
  • League: Diamond

Sanity

  • Race: Terran Terran
  • League: Diamond

VOD

http://www.twitch.tv/tumescentpie

Description

Time

  • Played on: Nov. 26, 2015, 11:54 a.m.
  • Length: 19:40
Show
View Real Time Build Order
Export as new Build Order

LilDicky Terran - Winner!

Build Orders: Banshee Rush 

Get SALT Encoding   

  12  0:01  SCV  
  13  0:13  SCV  
  14  0:18  Supply Depot  
  14  0:25  SCV  
  15  0:35  Refinery  
  15  0:39  SCV  
  16  0:44  Barracks  
  16  0:51  SCV  
  17  1:04  SCV  
  18  1:16  SCV  
  19  1:28  SCV  
  19  1:31  Marine  
  21  1:33  Supply Depot  
  21  1:41  Orbital Command  
  21  1:49  Marine  
  21  1:51  Factory, Refinery  
  22  2:06  SCV  
  23  2:09  Marine  
  24  2:19  SCV  
  25  2:27  Marine  
  26  2:31  SCV  
  27  2:40  Factory Tech Lab  
  27  2:41  Starport  
  27  2:44  SCV  
  27  2:47  Supply Depot  
  27  2:48  Marine  
  29  2:59  SCV  
  30  3:08  Marine  
  31  3:15  SCV  
  32  3:21  Supply Depot  
  32  3:23  Engineering Bay  
  32  3:24  Banshee, Cloaking Field  
  32  3:26  Widow Mine  
  37  3:27  Marine  
  37  3:38  SCV  
  38  3:45  Marine  
  39  3:50  Supply Depot  
  39  3:51  SCV, Missile Turret  
  34  4:09  Marine  
  35  4:10  Banshee  
  35  4:13  SCV  
  41  4:18  Factory Tech Lab  
  41  4:19  Supply Depot  
  41  4:22  Command Center  
  39  4:25  SCV  
  39  4:30  Marine  
  41  4:32  Missile Turret  
  41  4:36  Siege Tank  
  41  4:37  SCV  
  45  4:45  Supply Depot  
  45  4:49  SCV  
  46  4:52  Banshee  
  46  5:08  Siege Tank  
  49  5:16  Supply Depot  
  49  5:17  SCV  
  50  5:22  Refinery  
  50  5:26  Refinery  
  50  5:29  Marine  
  50  5:30  SCV  
  50  5:35  Barracks  
  52  5:37  Barracks  
  52  5:42  SCV  
  53  6:02  Banshee, SCV  
  57  6:08  Siege Tank  
  60  6:11  Supply Depot  
  60  6:12  Orbital Command  
  60  6:21  SCV  
  61  6:33  SCV  
  62  6:40  Siege Tank  
  61  6:47  SCV  
  62  7:00  SCV  
  63  7:04  Raven  
  63  7:05  SCV, Missile Turret, Marine  
  67  7:08  Barracks Tech Lab x2  
  67  7:12  SCV  
  68  7:17  SCV  
  68  7:20  Command Center  
  69  7:24  SCV  
  61  7:44  Missile Turret  
  54  7:58  Siege Tank  
  57  8:07  SCV x2  
  57  8:12  Marine x3  
  54  8:13  Combat Shields  
  54  8:14  Stimpack  
  54  8:19  SCV  
  55  8:21  SCV  
  56  8:30  Barracks x4, Marine x2  
  56  8:32  Barracks  
  56  8:33  Orbital Command  
  55  8:37  Starport Reactor  
  55  8:41  Marine  
  55  8:44  Siege Tank  
  55  8:47  Marine  
  55  8:48  Marine  
  61  8:49  Orbital Command  
  61  8:59  Marine  
  61  9:01  SCV x2  
  64  9:05  Marine x2  
  66  9:11  Refinery, Missile Turret  
  66  9:13  SCV x2, Barracks  
  66  9:14  Missile Turret  
  66  9:15  Missile Turret  
  66  9:16  Siege Tank  
  66  9:17  SCV, Refinery, Marine  
  72  9:18  Missile Turret  
  72  9:20  Barracks Reactor  
  72  9:21  Barracks Reactor  
  72  9:22  Barracks Reactor  
  72  9:23  Marine x2  
  75  9:25  SCV  
  75  9:26  SCV, Medivac x2  
  75  9:29  SCV  
  82  9:32  Concussive Shells  
  82  9:35  Marine  
  82  9:37  SCV  
  84  9:38  Command Center  
  84  9:41  Marine x2  
  86  9:48  SCV x2, Siege Tank  
  91  9:52  Marine  
  91  9:54  SCV  
  91  9:56  Supply Depot, Marine x2, Medivac x2  
  91  9:59  Marine x2  
  101  10:00  SCV  
  101  10:02  Marine  
  101  10:03  Marine  
  104  10:10  Marine  
  105  10:17  Marauder, Marine  
  105  10:19  Marine  
  109  10:22  Siege Tank  
  109  10:24  SCV x2  
  109  10:26  Medivac x2  
  118  10:29  Marauder  
  118  10:30  Supply Depot  
  118  10:35  Marine x2  
  121  10:36  SCV x2  
  121  10:39  SCV  
  121  10:41  Sensor Tower  
  125  10:50  SCV, Marauder x2  
  125  10:53  Orbital Command  
  125  10:54  Supply Depot  
  130  11:00  Marine  
  130  11:02  Marine  
  132  11:11  Marauder x2  
  132  11:12  Marine  
  132  11:15  Command Center  
  126  11:32  Marine x2  
  123  11:33  Marine x2, Marauder x2  
  123  11:38  Marine  
  123  11:39  Marine  
  111  11:48  Marine  
  111  11:49  Marine x2  
  111  11:50  Orbital Command  
  111  11:51  Marine  
  116  11:54  Marauder x2  
  116  11:59  Marine x2  
  120  12:15  Marauder  
  120  12:16  Marauder  
  117  12:26  Marine x2  
  94  12:37  Marauder x2  
  94  12:42  Marine x2  
  94  12:43  Marine x4  
  94  12:44  SCV x2, Marine  
  89  12:50  Planetary Fortress  
  91  12:55  Missile Turret  
  95  12:58  Marauder x2  
  95  13:00  Marine x2  
  95  13:01  Marine x2  
  95  13:02  Marine  
  95  13:05  Marine  
  101  13:06  Medivac x2  
  101  13:07  SCV x4  
  101  13:10  Terran Infantry Weapons Level 1, Factory  
  109  13:12  Engineering Bay  
  109  13:15  Armory  
  109  13:19  SCV x3  
  116  13:20  Marauder x2  
  116  13:26  SCV  
  117  13:30  Refinery  
  117  13:31  SCV, Refinery  
  117  13:32  Command Center  
  119  13:34  SCV x2  
  119  13:36  Marine x2  
  119  13:37  Marine  
  119  13:40  Marine x3  
  130  13:41  Marauder x2  
  130  13:43  Barracks Reactor  
  130  13:54  Missile Turret, Marine x2  
  130  13:55  Missile Turret, Barracks x2  
  132  13:56  Missile Turret  
  132  14:01  Terran Infantry Armor Level 1  
  136  14:02  Factory Tech Lab, Marauder x2  
  136  14:05  Medivac x2  
  136  14:06  Marine x2  
  136  14:07  Marine  
  143  14:24  Marauder x2  
  145  14:31  Marine  
  136  14:37  Marine x2  
  124  14:44  Marine x5  
  124  14:45  Marauder x2  
  112  14:49  Marine  
  107  14:53  Barracks x3  
  107  14:55  Marine x2  
  107  14:58  Viking x2  
  112  15:02  Marine x5  
  112  15:06  Marine  
  112  15:07  Marauder x2  
  118  15:08  Siege Tank x2  
  118  15:11  Barracks Tech Lab x2  
  118  15:13  Marine x2  
  124  15:19  Marine  
  124  15:20  Marine x4  
  128  15:24  Marine  
  128  15:27  Marine x2  
  128  15:28  Viking x2  
  133  15:31  Planetary Fortress, Missile Turret, Marine x2  
  133  15:33  Terran Infantry Weapons Level 2  
  137  15:37  Engineering Bay, Marine  
  140  15:43  Siege Tank  
  140  15:46  Marauder x2  
  140  15:49  SCV x3  
  148  15:50  Missile Turret  
  148  15:58  SCV  
  148  15:59  Marine x2  
  148  16:01  SCV x2, Barracks Tech Lab x2  
  148  16:02  Barracks Reactor, Marine  
  148  16:03  Refinery  
  154  16:04  Widow Mine  
  154  16:05  Refinery  
  154  16:06  Medivac  
  158  16:14  Widow Mine  
  160  16:19  Command Center  
  160  16:20  Refinery  
  160  16:23  Refinery  
  160  16:25  Missile Turret  
  160  16:33  Siege Tank  
  160  16:36  Marine x4  
  153  17:04  Marine x2  
  153  17:06  Marine  
  153  17:07  Marine x3  
  153  17:08  Marauder x2  
  155  17:10  Siege Tank x2, Medivac x2  
  155  17:14  Starport, Terran Infantry Armor Level 2  
  164  17:35  Marine x2  
  164  17:40  Medivac  
  165  17:46  Marine x3  
  165  17:47  Marauder x2  
  172  17:51  Marine x2  
  174  17:59  Marine  
  174  18:00  Marine  
  174  18:01  Medivac  
  174  18:03  Starport Reactor  
  168  18:06  Supply Depot  
  168  18:08  Marine x6  
  168  18:09  Marauder x3, Marine x4  
  168  18:10  Medivac, Marauder  
  168  18:12  Siege Tank  
  188  18:16  Planetary Fortress  
  188  18:17  Supply Depot  
  188  18:20  Marine x2  
  188  18:26  Marine x3  
  193  18:27  Marine x2  
  193  18:28  Marauder x2  
  193  18:31  Command Center  
  199  18:53  Refinery  
  199  18:55  Command Center, Missile Turret  
  199  18:56  Refinery  
  193  19:06  Marine x2  
  177  19:20  Marine x2  
Show
View Real Time Build Order
Export as new Build Order

Sanity Terran 

Build Orders:  

Get SALT Encoding   

  12  0:00  SCV  
  13  0:12  Supply Depot  
  13  0:18  SCV  
  14  0:30  SCV  
  15  0:38  Barracks  
  15  0:42  Refinery  
  15  0:44  SCV  
  16  0:57  Barracks  
  16  1:01  SCV  
  17  1:13  SCV  
  18  1:27  Reaper  
  18  1:29  Supply Depot  
  18  1:32  Orbital Command  
  19  1:45  Reaper  
  20  1:58  SCV  
  21  2:04  Reaper  
  22  2:15  Command Center, SCV  
  23  2:20  Reaper  
  24  2:25  Refinery  
  24  2:28  SCV  
  25  2:34  Supply Depot  
  25  2:43  SCV  
  27  2:57  Marine x2  
  27  2:58  SCV  
  29  3:07  Factory  
  29  3:10  SCV  
  30  3:15  Marine  
  30  3:18  Barracks Tech Lab  
  31  3:23  SCV  
  32  3:27  Orbital Command  
  32  3:35  Marine  
  32  3:40  SCV, Marine  
  35  3:42  Stimpack  
  35  3:52  SCV, Marine  
  37  3:58  Engineering Bay  
  35  4:07  Marine  
  35  4:08  Starport  
  34  4:10  Factory Reactor  
  34  4:11  SCV x2  
  34  4:12  Marine  
  37  4:23  SCV x2  
  39  4:25  Missile Turret  
  39  4:26  Missile Turret  
  39  4:28  Terran Infantry Weapons Level 1  
  39  4:30  Marine  
  40  4:35  SCV x2  
  42  4:42  Missile Turret  
  42  4:47  SCV x2  
  42  4:49  Widow Mine x2  
  47  4:54  Marine x2  
  42  5:07  Viking  
  42  5:08  SCV x2  
  46  5:14  Marine x2  
  46  5:20  SCV x2  
  50  5:21  Widow Mine x2  
  50  5:26  Supply Depot  
  54  5:39  SCV  
  54  5:41  SCV  
  54  5:51  Medivac  
  56  6:00  Command Center  
  56  6:01  Missile Turret  
  56  6:04  Marine x2  
  56  6:21  SCV x2  
  54  6:38  Marauder, Marine  
  54  6:39  SCV x2  
  52  6:51  SCV x2  
  52  6:56  Factory Tech Lab, Viking x2  
  52  6:59  Marine  
  57  7:03  SCV x2  
  57  7:04  Marauder  
  61  7:15  SCV  
  62  7:17  Siege Tank  
  62  7:18  Orbital Command  
  46  7:31  Marine  
  46  7:32  Viking x2  
  45  7:56  Orbital Command  
  31  8:06  Marine  
  23  8:16  SCV x2  
  27  8:35  Missile Turret  
  27  8:39  SCV x3  
  28  8:45  Raven  
  28  8:47  Marine x2  
  32  8:48  Siege Tank  
  32  8:51  SCV x2  
  37  8:56  SCV  
  38  9:05  SCV x2  
  38  9:06  Marine x2  
  38  9:09  Barracks  
  42  9:11  Barracks  
  42  9:13  Command Center  
  42  9:17  SCV x3  
  42  9:20  Missile Turret  
  42  9:22  Siege Tank  
  48  9:31  SCV x2  
  50  9:33  Missile Turret  
  50  9:34  Marine x2  
  50  9:37  SCV  
  53  9:42  Starport Reactor  
  53  9:43  SCV  
  54  9:46  SCV  
  54  9:49  SCV  
  56  9:53  Missile Turret  
  56  9:54  Marine x2  
  56  9:56  Missile Turret  
  58  10:01  Barracks Tech Lab  
  58  10:02  SCV x2  
  60  10:12  Siege Tank  
  63  10:16  SCV x2  
  63  10:17  SCV  
  63  10:20  Marauder  
  63  10:21  Marauder  
  70  10:24  Refinery  
  70  10:25  Refinery  
  70  10:27  Orbital Command  
  70  10:33  Marine  
  71  10:42  Marauder  
  73  10:45  SCV x2, Medivac x2  
  73  10:46  SCV  
  80  10:54  Refinery  
  80  10:55  SCV, Refinery  
  81  10:57  SCV  
  81  10:59  Marauder  
  81  11:01  Siege Tank  
  87  11:09  SCV x2, Sensor Tower  
  89  11:25  Orbital Command  
  80  11:41  Marine x2  
  80  11:42  Marauder x2  
  76  11:49  SCV x2  
  78  11:59  Marine x2  
  80  12:03  Marauder  
  80  12:16  Marine  
  80  12:17  Marine x2  
  81  12:25  Marauder  
  79  12:34  Marine  
  79  12:35  Marine x2  
  70  12:46  SCV x3, Marauder  
  75  12:52  Marauder  
  75  12:53  Marine x2  
  75  12:57  Orbital Command  
  76  13:05  SCV  
  76  13:06  SCV  
  76  13:08  Marauder  
  76  13:10  Marine x2  
  82  13:14  Marauder  
  82  13:18  SCV  
  82  13:19  SCV  
  86  13:27  Supply Depot  
  86  13:28  Marine x2  
  86  13:29  SCV, Marauder  
  86  13:33  SCV  
  92  13:39  SCV x2  
  92  13:40  Supply Depot, Marauder  
  96  13:46  Marine  
  97  13:51  Marine x2  
  97  13:54  SCV  
  97  13:55  SCV x2  
  102  13:59  Engineering Bay  
  102  14:01  Engineering Bay, Marauder  
  104  14:04  Marine  
  104  14:06  Factory  
  104  14:09  Marauder, Marine  
  108  14:11  Medivac  
  108  14:13  Medivac  
  112  14:22  Marauder, Marine  
  114  14:31  Marauder  
  105  14:49  Marine x2  
  105  14:50  Marauder  
  105  14:52  Marauder  
  110  15:07  Marine  
  110  15:11  Marauder  
  101  15:26  Siege Tank  
  101  15:28  Factory  
  104  15:33  Missile Turret  
  104  15:34  SCV x4, Missile Turret  
  108  15:36  Marine  
  108  15:37  Marauder x2, Marine  
  108  15:39  Terran Infantry Armor Level 1  
  108  15:40  Missile Turret  
  112  15:45  Supply Depot  
  112  15:46  SCV x4, Supply Depot  
  112  15:48  Supply Depot  
  112  15:49  Supply Depot  
  116  15:55  Missile Turret  
  116  15:58  Marauder  
  116  16:03  Barracks  
  116  16:04  Marauder, Marine x2  
  118  16:06  Barracks  
  118  16:07  Barracks  
  118  16:08  SCV x3  
  125  16:12  Sensor Tower  
  125  16:13  Refinery  
  125  16:14  Refinery  
  125  16:23  Viking x2  
  125  16:25  Marine x2  
  130  16:26  Marauder  
  132  16:50  Bunker x3  
  132  16:53  Bunker  
  110  17:09  Marine x2  
  110  17:10  Siege Tank, Marauder  
  110  17:11  Viking x2  
  110  17:12  Marine x2  
  110  17:13  Marauder, Marine  
  126  17:27  Marine  
  127  17:31  Marauder  
  127  17:34  Marauder, Marine  
  132  17:43  Factory Tech Lab  
  132  17:44  Siege Tank  
  133  17:46  Viking x2  
  135  17:52  Marauder  
  137  18:02  Marine x2  
  137  18:03  Marauder, Marine x3  
  137  18:05  Siege Tank  
  147  18:14  Marauder  
  147  18:16  Siege Tank  
  152  18:20  SCV x3, Marine  
  152  18:25  Marine x2  
  152  18:26  SCV, Marauder  
  161  18:32  SCV x2  
  163  18:35  Marine  
  164  18:44  Marine x3  
  164  18:45  Supply Depot, Marauder  
  164  18:46  Marine  
  164  18:47  Supply Depot, Marauder  
  172  18:49  Supply Depot  
  141  19:06  Marauder  
  141  19:09  Marauder  
  113  19:12  Marine x3  
  81  19:17  Marine x2  
Tags
 
Add a new tag
Caveats
  • Supply blocks, unpowered buildings, or Contaminate may cause inaccurate times.
  • Supply counts are checked every 10 seconds.